 Dungeon Crawl Stone Soup version 0.26-a0-540-g8a0c9464d7 (webtiles) character file.

Game seed: 10224734167703332242

1776 kobby the Shield-Bearer (level 9, -3/73 HPs)
             Began as a Gnoll Fighter on Aug 25, 2020.
             Slain by Maggie
             ... wielding a +0 war axe
              (10 damage)
             ... on level 6 of the Dungeon.
             The game lasted 00:15:37 (6039 turns).

kobby the Shield-Bearer (Gnoll Fighter)             Turns: 6039, Time: 00:15:38

Health: -3/73      AC: 10    Str: 19 (22) XL:     9   Next: 8%
Magic:  14/14      EV: 10    Int:  9 (11) God:
Gold:   390        SH: 12    Dex: 13 (14) Spells: 15/15 levels left

rFire    . . .     SeeInvis .   a - +1 war axe
rCold    . . .     Faith    .   c - +1 kite shield
rNeg     . . .     Spirit   .   b - +0 scale mail
rPois    .         Reflect  .   (no helmet)
rElec    .         Harm     .   (no cloak)
rCorr    .                      p - +1 pair of gloves
MR       .....                  (no boots)
Stlth    +.........             (no amulet)
HPRegen  0.22/turn              (no ring)
MPRegen  0.14/turn              (no ring)

@: no status effects
A: distributed training, fangs 1, strong nose
a: no special abilities


You were on level 6 of the Dungeon.
You visited 1 branch of the dungeon, and saw 6 of its levels.

You collected 390 gold pieces.

Inventory:

Hand Weapons
 a - a +1 war axe (weapon)
Armour
 b - a +0 scale mail (worn)
 c - a +1 kite shield (worn)
 p - a +1 pair of gloves (worn)
Wands
 i - a wand of flame (20)
Scrolls
 d - a scroll of enchant weapon
 h - a scroll of enchant armour
 k - 6 scrolls of teleportation
 l - 8 scrolls of identify
 n - 3 scrolls of remove curse {unknown}
Potions
 e - a potion of cancellation {unknown}
 g - a potion of flight {unknown}
 j - a potion of lignification {unknown}
 m - 5 potions of stabbing
 o - a potion of berserk rage {unknown}
 r - a potion of ambrosia {unknown}


   Skills:
 + Level 7.7 Fighting
 + Level 3.9 Short Blades
 + Level 3.9 Long Blades
 + Level 6.1 Axes
 + Level 3.9 Maces & Flails
 + Level 3.9 Polearms
 + Level 3.9 Staves
 + Level 3.9 Slings
 + Level 3.9 Bows
 + Level 3.9 Crossbows
 + Level 3.9 Throwing
 + Level 7.7 Armour
 + Level 3.9 Dodging
 + Level 3.9 Stealth
 + Level 7.7 Shields
 + Level 3.9 Unarmed Combat
 + Level 3.9 Spellcasting
 + Level 3.2 Conjurations
 + Level 3.2 Hexes
 + Level 3.2 Summonings
 + Level 3.2 Necromancy
 + Level 3.2 Translocations
 + Level 3.2 Transmutations
 + Level 3.2 Fire Magic
 + Level 3.2 Ice Magic
 + Level 3.2 Air Magic
 + Level 3.2 Earth Magic
 + Level 3.2 Poison Magic
 + Level 4.2 Invocations
 + Level 3.9 Evocations


You had 15 spell levels left.
You didn't know any spells.
Your spell library contained the following spells:

 Spells                   Type           Power        Failure   Level
 Beastly Appendage        Tmut           #.....       45%         1
 Wereblood                Tmut           #.......     58%         2
 Spider Form              Tmut/Pois      #.........   83%         3
 Ice Form                 Ice/Tmut       #.......     99%         4
 Blade Hands              Tmut           #.........   100%        5


Dungeon Overview and Level Annotations

Branches:
Dungeon (6/15)
 Temple: D:4-7

Altars:
Fedhas
Gozag
Hepliaklqana
Makhleb
Nemelex Xobeh
Trog
Yredelemnul
Zin
The Shining One

Shops:
D:4 (

Annotations:
D:6 Grinder, Maggie


Innate Abilities, Weirdness & Mutations

Your experience applies equally to all skills.
You have very sharp teeth.
Your uncanny sense of smell can sniff out nearby items.


Message History

You are no longer entranced.
Maggie casts a spell at you. The bolt of fire hits you!!
Maggie hits you but does no damage.
You hit Maggie but do no damage.
Maggie points at you and mumbles some strange words.
The bolt of fire hits you!!
* * * LOW HITPOINT WARNING * * *
You feel better. Maggie barely misses you.
You slash Maggie!
Maggie is moderately wounded.
Maggie gestures at you while chanting. The bolt of fire hits you!!
* * * LOW HITPOINT WARNING * * *
Okay, then.
It was a potion of degeneration.
There was something very wrong with that liquid.
You feel weakened.
You feel dopey.
You feel clumsy. Maggie hits you with a +0 war axe!
You die...

#### ## ## ##..# #.##.##
####..# #.##.###...#.#
#..#.@@.####.#
#..5######..## ##.##
##....## ####..##
#......#######.
#......###....##........#
......##.......#
###....###
..###........### #..### #
#...@≈≈....# ##..#
..≈≈≈≈≈≈≈...# ##.##


You could see Maggie and Grinder.

Vanquished Creatures
  Sigmund (D:6)
  Menkaure (D:6)
  A sky beast (D:5)
  4 ogres
  2 centaurs
  2 scorpions
  A vampire bat (D:5)
  A howler monkey (D:4)
  A bullfrog zombie (D:5)
  A jelly (D:5)
  2 iguanas
  4 orc wizards
  Jessica (D:2)
  3 worker ants
  A hound skeleton (D:4)
  19 adders
  A shadow imp (D:5)
  2 white imps
  An adder zombie (D:5)
  2 oozes (D:2)
  2 adder skeletons (D:4)
  2 worms
  4 dart slugs
  3 fire bats (D:5)
  2 leopard geckos
  15 orcs
  2 spectral bats (D:5)
  2 ball pythons (D:3)
  17 bats
  3 bat skeletons (D:5)
  A bat zombie (D:5)
  6 giant cockroaches
  4 goblins (D:2)
  14 hobgoblins
  3 quokkas
  A ball python zombie (D:5)
  A bat simulacrum (D:5)
  7 frilled lizards
  10 kobolds
  12 rats
162 creatures vanquished.

Notes
Turn   | Place    | Note
-------+----------+-------------------------------------------
     0 | D:1      | kobby the Gnoll Fighter began the quest for the Orb.
     0 | D:1      | Reached XP level 1. HP: 23/23 MP: 1/1
   109 | D:1      | Reached XP level 2. HP: 29/29 MP: 2/2
   373 | D:1      | Reached XP level 3. HP: 35/35 MP: 3/3
   792 | D:2      | Reached skill level 1 in Invocations
   833 | D:2      | Reached skill level 1 in Short Blades
   833 | D:2      | Reached skill level 1 in Long Blades
   833 | D:2      | Reached skill level 1 in Maces & Flails
   833 | D:2      | Reached skill level 1 in Polearms
   833 | D:2      | Reached skill level 1 in Staves
   833 | D:2      | Reached skill level 1 in Slings
   833 | D:2      | Reached skill level 1 in Bows
   833 | D:2      | Reached skill level 1 in Crossbows
   833 | D:2      | Reached skill level 1 in Throwing
   833 | D:2      | Reached skill level 1 in Dodging
   833 | D:2      | Reached skill level 1 in Stealth
   833 | D:2      | Reached skill level 1 in Unarmed Combat
   833 | D:2      | Reached skill level 1 in Spellcasting
   833 | D:2      | Reached skill level 1 in Evocations
  1028 | D:2      | Noticed Jessica
  1043 | D:2      | Killed Jessica
  1043 | D:2      | Reached XP level 4. HP: 36/41 MP: 5/5
  1191 | D:2      | Reached skill level 1 in Conjurations
  1191 | D:2      | Reached skill level 1 in Hexes
  1191 | D:2      | Reached skill level 1 in Summonings
  1191 | D:2      | Reached skill level 1 in Necromancy
  1191 | D:2      | Reached skill level 1 in Translocations
  1191 | D:2      | Reached skill level 1 in Transmutations
  1191 | D:2      | Reached skill level 1 in Fire Magic
  1191 | D:2      | Reached skill level 1 in Ice Magic
  1191 | D:2      | Reached skill level 1 in Air Magic
  1191 | D:2      | Reached skill level 1 in Earth Magic
  1191 | D:2      | Reached skill level 1 in Poison Magic
  1257 | D:2      | Found a hazy altar of Hepliaklqana.
  1264 | D:2      | Found a glowing silver altar of Zin.
  1383 | D:2      | Reached XP level 5. HP: 46/47 MP: 6/6
  2114 | D:3      | Reached XP level 6. HP: 12/53 MP: 8/8
  3091 | D:3      | Reached skill level 5 in Axes
  3094 | D:3      | Found a glowing golden altar of the Shining One.
  3433 | D:4      | Reached XP level 7. HP: 57/59 MP: 10/10
  3549 | D:4      | Found a bloodstained altar of Trog.
  3612 | D:4      | Found a basalt altar of Yredelemnul.
  3617 | D:4      | Found a blossoming altar of Fedhas.
  3621 | D:4      | Found a sparkling altar of Nemelex Xobeh.
  3778 | D:4      | Found Uhiteov's Weapon Shop.
  4247 | D:5      | Entered Level 5 of the Dungeon
  4310 | D:5      | Reached XP level 8. HP: 62/67 MP: 12/12
  5211 | D:5      | Found an opulent altar of Gozag.
  5498 | D:6      | Noticed Sigmund
  5565 | D:6      | Found a burning altar of Makhleb.
  5571 | D:6      | Noticed Menkaure
  5586 | D:6      | Killed Menkaure
  5716 | D:6      | Killed Sigmund
  5716 | D:6      | Reached XP level 9. HP: 70/73 MP: 14/14
  6022 | D:6      | Noticed Grinder
  6023 | D:6      | Noticed Maggie
  6039 | D:6      | Slain by Maggie

Illustrated notes

Levels and vault maps discovered:
D:1:      minmay_arrival_wavy_path, layout_basic, minivault_4,
          minmay_misc_feat_encased
D:2:      layout_loops_corners, old_standard_altar,
          nicolae_overflow_crystal_walls, uniq_jessica
D:3:      layout_loops_corners, nicolae_tso_swordbearing_angel
D:4:      layout_gridville, kennysheep_mini, minmay_overflow_temple_star_quad,
          serial_shops, shop, kennysheep_another_room, minmay_bisected
D:5:      layout_gridville, grunt_gozag_breadcrumbs, goddamned_bats
D:6:      layout_layer_cave, nicolae_overflow_hidden_temple, minmay_liquid_box,
          fedhas_ov_isle_minmay, uniq_sigmund, uniq_grinder, uniq_menkaure,
          uniq_maggie

Skill      XL: |  1  2  3  4  5  6  7  8 |
---------------+-------------------------+-----
Invocations    | 1 2 3 4 |  4.2
Short Blades   | 1 2 3 |  3.9
Long Blades    | 1 2 3 |  3.9
Maces & Flails | 1 2 3 |  3.9
Polearms       | 1 2 3 |  3.9
Staves         | 1 2 3 |  3.9
Slings         | 1 2 3 |  3.9
Bows           | 1 2 3 |  3.9
Crossbows      | 1 2 3 |  3.9
Throwing       | 1 2 3 |  3.9
Dodging        | 1 2 3 |  3.9
Stealth        | 1 2 3 |  3.9
Unarmed Combat | 1 2 3 |  3.9
Spellcasting   | 1 2 3 |  3.9
Evocations     | 1 2 3 |  3.9
Conjurations   | 1 2 3 |  3.2
Hexes          | 1 2 3 |  3.2
Summonings     | 1 2 3 |  3.2
Necromancy     | 1 2 3 |  3.2
Translocations | 1 2 3 |  3.2
Transmutations | 1 2 3 |  3.2
Fire Magic     | 1 2 3 |  3.2
Ice Magic      | 1 2 3 |  3.2
Air Magic      | 1 2 3 |  3.2
Earth Magic    | 1 2 3 |  3.2
Poison Magic   | 1 2 3 |  3.2
Axes           | 5 6 |  6.1
Fighting       | 7 |  7.7
Armour         | 7 |  7.7
Shields        | 7 |  7.7

Action                   |  1- 3 |  4- 6 |  7- 9 || total
-------------------------+-------+-------+-------++-------
Melee: War axe           |    96 |   200 |   189 ||   485
       Bite              |    11 |    19 |    21 ||    51
  Use: Scroll            |       |     5 |       ||     5
       Potion            |       |     2 |     6 ||     8
Armor: Scale mail        |    28 |    85 |    72 ||   185
Dodge: Dodged            |    32 |    63 |    81 ||   176
Block: Kite shield       |    68 |   103 |   160 ||   331

Table legend: (Time is in decaauts)
 A = Elapsed time spent in this place.
 B = Non-inter-level travel time spent in this place.
 C = Inter-level travel time spent in this place.
 D = Time resting spent in this place.
 E = Time spent auto-exploring this place.
 F = Levels seen in this place.
 G = Mean time per level.
                   A        B        C        D        E       F      G
               +--------+--------+--------+--------+--------+-----+--------+
         Total |   6194 |   6078 |    116 |    637 |   3919 |   6 | 1032.3 |
       Dungeon |   6194 |   6078 |    116 |    637 |   3919 |   6 | 1032.3 |
               +--------+--------+--------+--------+--------+-----+--------+

Top non-repeatable levels by time:
     D:5: 1321 daAuts
     D:2: 1296 daAuts
     D:3: 1284 daAuts
     D:4: 1008 daAuts
     D:1: 776 daAuts
     D:6: 508 daAuts
